 Dungeon Crawl Stone Soup version 0.27.1-1-g398f81649c (webtiles) character file.

Game seed: 6301501966900082536

60 Metae the Covered (level 3, -1/34 HPs)
             Began as a Minotaur Fighter on Sept 8, 2021.
             Slain by Sigmund (7 damage)
             ... on level 2 of the Dungeon.
             The game lasted 00:02:51 (1817 turns).

Metae the Covered (Minotaur Fighter)                Turns: 1817, Time: 00:02:52

Health: -1/34      AC:  7    Str: 21    XL:     3   Next: 82%
Magic:  2/2        EV:  7    Int:  5    God:
Gold:   95         SH:  9    Dex:  9    Spells: 2/2 levels left

rFire    . . .     SeeInvis .   a - +0 flail
rCold    . . .     Faith    .   c - +0 kite shield
rNeg     . . .     Spirit   .   b - +0 scale mail
rPois    .         Reflect  .   (helmet restricted)
rElec    .         Harm     .   (no cloak)
rCorr    .         Rampage  .   (no gloves)
Will     .....                  (no boots)
Stlth    ..........             (no amulet)
HPRegen  0.11/turn              (no ring)
MPRegen  0.08/turn              (no ring)

@: mighty
A: horns 2, retaliatory headbutt
a: no special abilities


You were on level 2 of the Dungeon.
You visited 1 branch of the dungeon, and saw 2 of its levels.

You collected 95 gold pieces.

Inventory:

Hand Weapons
 a - a +0 flail (weapon)
Armour
 b - a +0 scale mail (worn)
 c - a +0 kite shield (worn)
Scrolls
 e - a scroll of magic mapping {unknown}
 g - a scroll of identify {unknown}
 h - a scroll of teleportation {unknown}
Potions
 f - a potion of brilliance {unknown}


   Skills:
 * Level 4.4 Fighting
 + Level 3.1 Maces & Flails
 * Level 4.4 Armour
 + Level 4.1 Shields


You had 2 spell levels left.
You didn't know any spells.
Your spell library contained the following spells:

 Spells                   Type           Power      Damage    Failure   Level
 Magic Dart               Conj           0%         1d3       99%         1
 Searing Ray              Conj           0%         3d3       100%        2
 Call Canine Familiar     Summ           0%         N/A       100%        3
 Gell's Gravitas          Tloc           0%         N/A       100%        3
 Ignite Poison            Fire/Tmut/Pois 0%         N/A       100%        3
 Lesser Beckoning         Tloc           0%         N/A       100%        3
 Mephitic Cloud           Conj/Pois/Air  0%         N/A       100%        3
 Portal Projectile        Hex/Tloc       0%         N/A       100%        3
 Teleport Other           Tloc           0%         N/A       100%        3
 Fulminant Prism          Conj/Hex       0%         3d6       100%        4
 Leda's Liquefaction      Hex/Erth       0%         N/A       100%        4
 Bolt of Magma            Conj/Fire/Erth 0%         4d4       100%        5


Dungeon Overview and Level Annotations

Branches:
Dungeon (2/15)

Altars:

Annotations:
D:2 Sigmund


Innate Abilities, Weirdness & Mutations

You have a pair of horns on your head.
You reflexively headbutt those who attack you in melee.


Message History

You pick up a Trismegistus Codex and begin reading...
You add the spells Ignite Poison, Mephitic Cloud and Bolt of Magma to your library.
You pick up a book of Displacement and begin reading...
You add the spells Lesser Beckoning, Gell's Gravitas and Teleport Other to your library.
A bat comes into view.
The bat hits you but does no damage.
You barely miss the bat. The bat hits you but does no damage. The bat hits you.
The bat hits you but does no damage.
You barely miss the bat. You headbutt the bat.
The bat is moderately wounded.
The bat closely misses you. You furiously retaliate!
You headbutt the bat.
You kill the bat!
A kobold comes into view. It is wielding a +0 short sword.
The kobold shouts!
A bat comes into view.
Sigmund the Dreaded comes into view.
He is wielding a +2 scythe of protection.
The bat hits you. The bat closely misses you. You furiously retaliate!
You headbutt the bat.
You kill the bat!
Sigmund looks at you with fury.
Sigmund mumbles some strange words.
Sigmund flickers and vanishes!
Deactivating autopickup; reactivate with Ctrl-A.
You closely miss the kobold.
The kobold hits you with a +0 short sword.
You hit the kobold.
You kill the kobold!
Something hits you!
Items here: $ ) ††.
You closely miss something. You headbutt something. Something hits you.
You feel very mighty all of a sudden. Something hits you.
You miss something.
You hear some strange, mumbled words.
A puff of flame appears from out of thin air!
The puff of flame hits you.
You sock something! Your headbutt misses something. Something hits you!
* * * LOW HITPOINT WARNING * * *
Something hits you!
You die...

###### .....#
.....# ##.....#
#### #......#
##..######......#
##...#....@){....#
#..#.#.#####.....#
###.##...## ###.##
# #.........# #
#####....####..#
......#### #.#
....#### ...
#......# ##.#
...#.#... .#


There were no monsters in sight!

Vanquished Creatures
  Jessica (D:2)
  A dart slug (D:1)
  A ball python (D:1)
  3 bats
  6 endoplasms
  A giant cockroach (D:1)
  2 goblins (D:1)
  2 hobgoblins (D:1)
  A quokka (D:1)
  A frilled lizard (D:1)
  3 kobolds (D:2)
  10 rats (D:1)
32 creatures vanquished.

Notes
Turn   | Place    | Note
-------+----------+-------------------------------------------
     0 | D:1      | Metae the Minotaur Fighter began the quest for the Orb.
     0 | D:1      | Reached XP level 1. HP: 19/19 MP: 0/0
   581 | D:1      | Reached XP level 2. HP: 16/27 MP: 1/1
  1411 | D:1      | Reached XP level 3. HP: 33/33 MP: 2/2
  1496 | D:2      | Noticed Jessica
  1510 | D:2      | Killed Jessica
  1807 | D:2      | Noticed Sigmund
  1817 | D:2      | Slain by Sigmund

Illustrated notes

Levels and vault maps discovered:
D:1:      dpeg_arrival_short_road, layout_loops_corners, minmay_rat_gold_closets
D:2:      layout_rooms, basic_altar, uniq_sigmund, uniq_jessica

Skill      XL: |  1  2  3 |
---------------+----------+-----
Fighting       | 4 |  4.4
Armour         | 4 |  4.4
Maces & Flails | 3 |  3.1
Shields        | 4 |  4.1

Action                   || total
-------------------------++-------
Melee: Flail             ||    72
       Headbutt          ||    14
  Use: Potion            ||     1
Armor: Scale mail        ||    22
Dodge: Dodged            ||    19
Block: Kite shield       ||    25
